 Dungeon Crawl Stone Soup version 0.31-a0-152-g6aa68a64a1 (webtiles) character file.

Game seed: 1825140463964371628

96 qw the Shooter (level 4, -3/28 HPs)
             Began as a Gargoyle Hunter on June 11, 2023.
             Slain by a gnoll
             ... wielding a +0 flail
              (5 damage)
             ... on level 2 of the Dungeon.
             The game lasted 00:00:40 (1486 turns).

qw the Shooter (Gargoyle Hunter)                    Turns: 1486, Time: 00:00:41

Health: -3/28      AC:  8    Str: 21    XL:     4   Next: 67%
Magic:  4/4        EV: 12    Int:  9    God:
Gold:   133        SH:  0    Dex: 15    Spells: 3/3 levels left

rFire   . . .        Y - +0 shortbow
rCold   + . .        (shield currently unavailable)
rNeg    + . .        c - +0 leather armour
rPois   inf          (no helmet)
rElec   +            (no cloak)
rCorr   .            h - +1 pair of gloves
SInv    .            (no boots)
Will    .....        (no amulet)
Stlth   ++           g - ring of protection from cold
HPRegen 0.24/turn    k - +6 ring of strength
MPRegen 0.09/turn

%: no passive effects
@: no status effects
A: sickness immunity, AC +3, negative energy resistance 1, electricity
resistance, torment resistance 1, petrification resistance
a: no special abilities


You were on level 2 of the Dungeon.
You visited 1 branch of the dungeon, and saw 2 of its levels.

You collected 133 gold pieces.


Innate Abilities, Weirdness & Mutations

You are immune to sickness and miasma.
Your stone body is resilient. (AC +3)
You are immune to poison.
You resist negative energy. (rN+)
You are resistant to electric shocks. (rElec)
You are resistant to unholy torment.
You are immune to petrification.


   Skills:
 - Level 3.0 Fighting
 + Level 5.6 Ranged Weapons
 - Level 1.5 Dodging
 - Level 1.1 Stealth


You had 3 spell levels left.
You didn't know any spells.
Your spell library was empty.

Inventory:

Hand Weapons
 Y - a +0 shortbow (weapon)
Armour
 c - a +0 leather armour (worn)
 h - a +1 pair of gloves (worn)
 i - the +5 ring mail of Qiazuot {rN+ Will- Regen+ Int+4}
   (You took it off a goblin on level 2 of the Dungeon)

   Int:       It affects your intelligence (+4).
   rN:        It protects you from negative energy.
   Regen:     It increases your rate of health regeneration.
   Will:      It decreases your willpower.
Jewellery
 g - a ring of protection from cold (left hand)
 k - a +6 ring of strength (right hand)
Scrolls
 b - a scroll of teleportation {unknown}
 f - 2 scrolls of identify
Potions
 a - a potion of attraction {unknown}
 d - 2 potions of enlightenment {unknown}
 e - a potion of curing {unknown}
 l - a potion of berserk rage {unknown}

Dungeon Overview and Level Annotations

Branches:
Dungeon (2/15)

Altars:


Message History

You shoot an arrow. The arrow hits the gnoll!
You kill the gnoll!
The gnoll hits you from afar with a +0 spear.
You shoot an arrow. The arrow barely misses the gnoll.
The gnoll barely misses you.
The gnoll hits you but does no damage. x2
You shoot an arrow.
The arrow hits the gnoll but does no damage.
The gnoll hits you from afar with a +0 spear.
The gnoll hits you but does no damage.
You shoot an arrow. The arrow hits the gnoll!
The gnoll is heavily wounded.
You hear an angry hiss.
The gnoll hits you with a +0 whip.
The gnoll hits you from afar with a +0 spear.
You shoot an arrow. The arrow hits the gnoll.
The gnoll is severely wounded.
The gnoll barely misses you. The gnoll hits you with a +0 whip.
You shoot an arrow. The arrow hits the gnoll.
The gnoll is almost dead.
The gnoll hits you but does no damage. The gnoll misses you.
You shoot an arrow. The arrow barely misses the gnoll.
The arrow closely misses the gnoll.
The gnoll hits you but does no damage. The gnoll hits you with a +0 whip.
You shoot an arrow. The arrow hits the gnoll.
You kill the gnoll!
The gnoll barely misses you.
You shoot an arrow. The arrow closely misses the gnoll.
You hear an angry hiss.
The gnoll hits you with a +0 flail. The gnoll closely misses you.
A ball python comes into view.
The gnoll hits you with a +0 flail.
The gnoll hits you from afar with a +0 spear.
You shoot an arrow.
The arrow hits the gnoll but does no damage.
The gnoll closely misses you.
The gnoll hits you from afar with a +0 spear.
You shoot an arrow. The arrow hits the gnoll.
The gnoll is lightly wounded.
The gnoll hits you with a +0 flail.
You die...

....######...##...## #.##%###.
........#..........######.##.....
##...................(....#.#..##
#...###.#.........######..###...
#...# #.###.##...## ###.#.###
#...###...######## ##.###.
##...##..#...### #.###.
.....##.####...##### #.....
.....#..#..###..@gS# ######
##:###.##....##.##g..#
##%##..#..#..#..# #...#
...##.##....##.## #..
##.#...###..%..# #
...#'#...####.## ####.###...#..#
..##...###...## ###..#...###.#


You could see 2 gnolls and a ball python.

Vanquished Creatures
  2 gnolls (D:2)
  2 adders (D:2)
  2 dart slugs (D:1)
  An orc (D:2)
  4 bats
  6 endoplasms
  4 giant cockroaches (D:1)
  4 goblins
  3 hobgoblins
  5 kobolds
  5 quokkas
  4 ball pythons
  2 frilled lizards
  7 rats
51 creatures vanquished.

Notes
Turn   | Place    | Note
-------+----------+-------------------------------------------
     0 | D:1      | qw the Gargoyle Hunter began the quest for the Orb.
     0 | D:1      | Reached XP level 1. HP: 12/12 MP: 1/1
     0 | D:1      | 0 ||| qw: Version: 0.2-a-29-gd901d54
     0 | D:1      | 0 ||| qw: Game counter: 4026
     0 | D:1      | 0 ||| qw: Always use a shield: true
     0 | D:1      | 0 ||| qw: God list: Okawaru
     0 | D:1      | 0 ||| qw: Allow faded altars: false
     0 | D:1      | 0 ||| qw: Do Orc after D:15 true
     0 | D:1      | 0 ||| qw: Do second Lair branch before Depths: true
     0 | D:1      | 0 ||| qw: Lair rune preference: random
     0 | D:1      | 0 ||| qw: Plans: Normal, Zot:1-4, Slime:5, God:TSO, Crypt,
                  | Tomb, Abyss, Pan, Hells, Win
     0 | D:1      | 0 ||| PLANNING D:1-11
    65 | D:1      | Reached XP level 2. HP: 17/17 MP: 2/2
   435 | D:1      | Reached XP level 3. HP: 21/21 MP: 3/3
   494 | D:1      | Reached skill level 5 in Ranged Weapons
   775 | D:1      | 775 ||| UPGRADING to +1 pair of gloves.
   780 | D:1      | 780 ||| UPGRADING to ring of protection from cold.
   781 | D:1      | 781 ||| UPGRADING to +6 ring of strength.
   782 | D:1      | 782 ||| READING scroll labelled BAUWYSTAIM.
   783 | D:1      | 783 ||| READING 2 scrolls labelled EWKOAF PEDA.
   784 | D:1      | 784 ||| READING scroll labelled NUEPID TUIR.
   785 | D:1      | 785 ||| READING scroll labelled HEISKU KIZXIGG.
   786 | D:1      | 786 ||| READING scroll labelled PUSMIA GIHUCH.
   787 | D:1      | 787 ||| DROPPING scroll of butterflies.
   968 | D:2      | Reached skill level 3 in Fighting
  1054 | D:2      | Reached XP level 4. HP: 28/28 MP: 4/4
  1219 | D:2      | Identified the +5 ring mail of Qiazuot {rN+ Will- Regen+
                  | Int+4}
  1484 | D:2      | HP: 4/28 [gnoll/+0 flail (5)]
  1486 | D:2      | Slain by a gnoll

Levels and vault maps discovered:
D:1:      minmay_arrival_four_loops, layout_basic
D:2:      minmay_skewed_foursquare, layout_loops_ring, minmay_cut_off

Skill      XL: |  1  2  3 |
---------------+----------+-----
Ranged Weapons | 5 |  5.6
Fighting       | 3 |  3.0
Dodging        | |  1.5
Stealth        | |  1.1

Action                     |  1- 3 |  4- 6 || total
---------------------------+-------+-------++-------
   Fire: Shortbow          |    97 |    60 ||   157
    Use: Scroll            |     5 |       ||     5
 Armour: Leather armour    |    11 |    17 ||    28
  Dodge: Dodged            |    20 |    27 ||    47

Table legend:
 A = Non-vault XP
 B = Vault XP
 C = Vault XP percentage of total XP
 D = Non-vault monster count
 E = Vault monster count
 F = Vault count percentage of total count
                 A         B        C        D         E       F
            +---------+---------+-------+---------+---------+-------
      Total |     117 |      21 |  15.2 |      45 |       6 |  11.8
            +---------+---------+-------+---------+---------+-------
        D:1 |      47 |       0 |   0.0 |      24 |       0 |   0.0
        D:2 |      70 |      21 |  23.1 |      21 |       6 |  22.2
            +---------+---------+-------+---------+---------+-------
